Flames vs Wild

Created - October-21-12 at 11:15

Goals
1 2 3 T
Flames 0 0 1 1
Wild 1 0 3 4
Shots
1 2 3 T
Flames 7 5 6 18
Wild 2 11 9 22

1st period

1. Wild , Patrik Berglund 1 (Henrik Tallinder) at 3:10

Penalties :
Milan Jurcina (MIN) for Roughing (Minor) at 3:15, Milan Jurcina (MIN) for Hooking (Minor) at 9:06, Alexei Ponikarovsky (MIN) for Tripping (Minor) at 14:32

2nd period

No Goal

Penalties :
Jake Gardiner (CGY) for Hooking (Minor) at 5:32, Ryan Kesler (CGY) for Holding (Minor) at 18:25

3rd period

2. Wild , Patrik Berglund 2 (Brian Rolston, Dan Hamhuis) at 0:55
3. Flames , Dustin Brown 1 (Michael Ryder, Dan Boyle) at 1:07
4. Wild , Milan Michalek 4 (Carl Gunnarsson) at 10:11
5. Wild , Henrik Tallinder 1 (Patrik Berglund, Brian Rolston) at 13:23

Penalties :
No Penalty

Goalie Stats

Miikka Kiprusoff (CGY), 18 saves from 22 shots - (0.818), L, 1-3-1, 60:00 minutes
Niklas Backstrom (MIN), 17 saves from 18 shots - (0.944), W, 5-1-0, 60:00 minutes

Players Stats for Flames

Player Name              G  A  P  +/- PIM S  H  SB GA TA FO     MP     PP MP  PK MP  
------------------------------------------------------------------------------------
Andrew MacDonald         0  0  0  -1  0   0  0  0  0  0  0/0    13:27   0:00   0:00 
Anze Kopitar             0  0  0  -2  0   3  0  1  0  0  21/31  26:08   2:33   2:51 
Bryce Salvador           0  0  0   0  0   1  2  2  0  0  0/0    23:25   2:33   2:43 
Cody Hodgson             0  0  0  -2  0   0  0  0  0  0  2/4     3:52   0:00   0:00 
Dan Boyle                0  1  1  -2  0   1  2  1  0  0  0/0    26:45   2:33   2:59 
David Jones              0  0  0   0  0   0  1  0  0  0  1/1    15:06   0:00   0:38 
Dustin Brown             1  0  1   0  0   2  2  0  0  0  0/4    22:46   2:33   3:21 
Erik Johnson             0  0  0  -1  0   0  1  1  0  0  0/0    13:43   0:00   0:16 
Jack Johnson             0  0  0   0  0   1  0  2  0  0  0/0    19:48   3:24   0:59 
Jake Gardiner            0  0  0  -2  2   1  0  0  0  0  0/0     3:03   0:00   0:00 
Michael Grabner          0  0  0  -2  0   1  0  0  0  0  0/0     3:52   0:00   0:00 
Michael Ryder            0  1  1   0  0   1  0  0  0  0  0/0    20:00   2:33   0:35 
Mikael Samuelsson        0  0  0  -1  0   1  1  0  0  0  0/0    18:17   3:24   0:00 
Pierre-Marc Bouchard     0  0  0   0  0   3  1  0  0  0  1/1    14:28   0:00   0:00 
Ryan Kesler              0  0  0  -1  2   0  0  0  0  0  13/23  18:45   3:24   0:29 
Shawn Horcoff            0  0  0  -1  0   2  2  0  0  0  1/2    18:19   3:24   0:02 
Tomas Kopecky            0  0  0   0  0   0  0  0  0  0  2/8    14:28   0:00   0:00 
Toni Lydman              0  0  0   0  0   1  0  0  0  0  0/0    19:48   3:24   0:59 

Players Stats for Wild

Player Name              G  A  P  +/- PIM S  H  SB GA TA FO     MP     PP MP  PK MP  
------------------------------------------------------------------------------------
Alexei Ponikarovsky      0  0  0   3  2   0  1  0  0  0  0/0    15:04   0:00   2:48 
Bobby Ryan               0  0  0   0  0   2  1  0  0  0  1/4    20:19   1:25   0:00 
Brian Gionta             0  0  0   0  0   5  5  0  0  0  1/2    22:28   2:33   1:01 
Brian Rolston            0  2  2   3  0   0  1  0  0  0  0/1    13:13   0:00   0:56 
Carl Gunnarsson          0  1  1   0  0   1  2  1  0  0  0/0    18:01   1:25   1:05 
Dan Hamhuis              0  1  1   1  0   1  3  3  0  0  0/0    25:52   2:33   3:33 
Fedor Tyutin             0  0  0   1  0   3  3  1  0  0  0/0    24:48   2:33   3:34 
Henrik Tallinder         1  1  2   2  0   1  2  1  0  0  0/0    15:28   0:00   1:17 
Jason Arnott             0  0  0   0  0   0  1  0  0  0  7/17   18:22   1:25   1:46 
Manny Malhotra           0  0  0   0  0   1  0  0  0  0  4/8     7:07   0:00   3:24 
Matt Bradley             0  0  0   0  0   0  0  0  0  0  0/0     3:43   0:00   0:00 
Michael Stone            0  0  0   0  0   0  0  0  0  0  0/0     3:49   0:00   0:49 
Milan Hejduk             0  0  0   0  0   0  0  0  0  0  1/2    18:09   1:25   1:33 
Milan Jurcina            0  0  0   2  4   1  4  0  0  0  0/0    12:31   0:00   0:00 
Milan Michalek           1  0  1   0  0   2  0  0  0  0  0/0    21:27   2:33   0:00 
Olli Jokinen             0  0  0   0  0   3  2  0  0  0  12/26  21:53   2:33   0:26 
Patrik Berglund          2  1  3   3  0   2  0  0  0  0  7/14   12:17   0:00   0:00 
Tom Gilbert              0  0  0   0  0   0  1  2  0  0  0/0    19:29   1:25   1:36 

3 Stars

1 - Patrik Berglund (MIN)
2 - Henrik Tallinder (MIN)
3 - Brian Rolston (MIN)

Power Play

Flames - 0 on 3 Attempt(s) - 0.00%
Wild - 0 on 2 Attempt(s) - 0.00%

Penalty Kill

Flames - 2 on 2 Attempt(s) - 100.00% - Score 0 goal in Penalty Kill
Wild - 3 on 3 Attempt(s) - 100.00% - Score 0 goal in Penalty Kill

Official

Referees : Justin StPierre and Dave Jackson
Linesman : Pierre Racicot and Dan Schachte

Game Notes

Carl Gunnarsson is injured at 14:46 of 3rd period (Bruised Right Arm)

Finance

Level 1 -- Attendance: 6500 (100.00%) -- Ticket Income $650,000
Level 2 -- Attendance: 5000 (100.00%) -- Ticket Income $300,000
Level 3 -- Attendance: 3477 (99.34%) -- Ticket Income $121,695
Level 4 -- Attendance: 2064 (100.00%) -- Ticket Income $41,280
Luxury Box -- Attendance: 925 (92.50%) -- Ticket Income $185,000
Game was played at the Xcel Energy Center
Total Attendance: 17966 (99.46%)
Total Ticket Income: $1,297,975
Other Income: $194,696
Total Income: $1,492,671


% Time on Ice - Flames

Lines # - Real PCT - Wanted PCT - Time Play
Normal Forward
1 - 34% - 40% - 16:52
2 - 30% - 30% - 14:53
3 - 29% - 20% - 14:28
4 - 8% - 10% - 3:52
Normal Defense
1 - 36% - 40% - 18:09
2 - 31% - 30% - 15:25
3 - 27% - 20% - 13:27
4 - 6% - 10% - 3:04
PP Forward
1 - 43% - 60% - 2:33
2 - 57% - 40% - 3:24
PP Defense
1 - 43% - 60% - 2:33
2 - 57% - 40% - 3:24
PK Forward
1 - 85% - 60% - 3:23
2 - 15% - 40% - 0:35
PK Defense
1 - 75% - 60% - 2:59
2 - 25% - 40% - 0:59
PK3 Forward
1 - 0% - 60%
2 - 0% - 40%
PK3 Defense
1 - 0% - 60%
2 - 0% - 40%
44 Forward
1 - 0% - 60%
2 - 0% - 40%
44 Defense
1 - 0% - 60%
2 - 0% - 40%
Last Minute Offensive  - 0:00
Last Minute Defensive  - 0:00
Total
Forward - 60:00
Defense - 60:00

% Time on Ice - Wild

Lines # - Real PCT - Wanted PCT - Time Play
Normal Forward
1 - 38% - 40% - 18:54
2 - 30% - 30% - 15:11
3 - 25% - 20% - 12:17
4 - 7% - 10% - 3:43
Normal Defense
1 - 37% - 40% - 18:41
2 - 33% - 30% - 16:28
3 - 25% - 20% - 12:33
4 - 5% - 10% - 2:23
PP Forward
1 - 64% - 60% - 2:33
2 - 36% - 40% - 1:25
PP Defense
1 - 64% - 60% - 2:33
2 - 36% - 40% - 1:25
PK Forward
1 - 75% - 60% - 4:29
2 - 25% - 40% - 1:28
PK Defense
1 - 78% - 60% - 4:40
2 - 22% - 40% - 1:17
PK3 Forward
1 - 0% - 60%
2 - 0% - 40%
PK3 Defense
1 - 0% - 60%
2 - 0% - 40%
44 Forward
1 - 0% - 60%
2 - 0% - 40%
44 Defense
1 - 0% - 60%
2 - 0% - 40%
Last Minute Offensive  - 0:00
Last Minute Defensive  - 0:00
Total
Forward - 60:00
Defense - 60:00

Play by Play

1st period


0:01 of 1st period - Anze Kopitar wins face-off versus Olli Jokinen in neutral zone.
0:32 of 1st period - Brian Gionta is hit by Dustin Brown and loses puck.
2:37 of 1st period - Shot by Anze Kopitar.
2:37 of 1st period - Shot Blocked by Tom Gilbert.
2:39 of 1st period - Shot by Jake Gardiner.
2:39 of 1st period - Stopped by Niklas Backstrom with a rebound.
2:53 of 1st period - Jake Gardiner is hit by Bobby Ryan and loses puck.
3:10 of 1st period - Shot by Patrik Berglund.
3:10 of 1st period - Goal by Patrik Berglund - Flames : 0 - Wild : 1.
3:11 of 1st period - Ryan Kesler wins face-off versus Patrik Berglund in neutral zone.
3:15 of 1st period - Minor Penalty to Milan Jurcina for Roughing.
3:16 of 1st period - Manny Malhotra wins face-off versus Ryan Kesler in Wild zone.
3:37 of 1st period - Shot by Jack Johnson.
3:37 of 1st period - Shot Misses the Net.
3:53 of 1st period - Shot by Jack Johnson.
3:53 of 1st period - Stopped by Niklas Backstrom without a rebound.
3:54 of 1st period - Manny Malhotra wins face-off versus Anze Kopitar in Wild zone.
4:03 of 1st period - Shot by Bryce Salvador.
4:03 of 1st period - Stopped by Niklas Backstrom without a rebound.
4:04 of 1st period - Anze Kopitar wins face-off versus Manny Malhotra in Wild zone.
4:07 of 1st period - Shot by Dustin Brown.
4:07 of 1st period - Shot Blocked by Fedor Tyutin.
4:11 of 1st period - Shot by Dustin Brown.
4:11 of 1st period - Deflect By Anze Kopitar.
4:11 of 1st period - Stopped by Niklas Backstrom without a rebound.
4:12 of 1st period - Anze Kopitar wins face-off versus Manny Malhotra in Wild zone.
4:31 of 1st period - Shot by Dustin Brown.
4:31 of 1st period - Shot Blocked by Carl Gunnarsson.
4:33 of 1st period - Shot by Bryce Salvador.
4:33 of 1st period - Deflect By Michael Ryder.
4:33 of 1st period - Shot Blocked by Henrik Tallinder.
4:35 of 1st period - Shot by Michael Ryder.
4:35 of 1st period - Shot Misses the Net.
4:37 of 1st period - Shot by Dan Boyle.
4:37 of 1st period - Shot Misses the Net.
4:41 of 1st period - Shot by Dan Boyle.
4:41 of 1st period - Stopped by Niklas Backstrom without a rebound.
4:42 of 1st period - Shawn Horcoff wins face-off versus Jason Arnott in Wild zone.
4:57 of 1st period - Ryan Kesler is hit by Fedor Tyutin and loses puck.
5:38 of 1st period - Shot by Milan Michalek.
5:38 of 1st period - Shot Misses the Net.
6:58 of 1st period - Ryan Kesler is hit by Milan Jurcina and loses puck.
7:04 of 1st period - Ryan Kesler is hit by Milan Jurcina and loses puck.
7:55 of 1st period - Tomas Kopecky is hit by Henrik Tallinder and loses puck.
8:09 of 1st period - Pierre-Marc Bouchard is hit by Milan Jurcina and loses puck.
9:06 of 1st period - Minor Penalty to Milan Jurcina for Hooking.
9:07 of 1st period - Ryan Kesler wins face-off versus Manny Malhotra in Wild zone.
9:08 of 1st period - Shot by Toni Lydman.
9:08 of 1st period - Deflect By Mikael Samuelsson.
9:08 of 1st period - Shot Blocked by Dan Hamhuis.
9:27 of 1st period - Shot by Manny Malhotra.
9:27 of 1st period - Stopped by Miikka Kiprusoff without a rebound.
9:28 of 1st period - Manny Malhotra wins face-off versus Dustin Brown in Flames zone.
9:47 of 1st period - Off-side.
9:48 of 1st period - Ryan Kesler wins face-off versus Manny Malhotra in neutral zone.
10:29 of 1st period - Shot by Toni Lydman.
10:29 of 1st period - Stopped by Niklas Backstrom without a rebound.
10:30 of 1st period - Manny Malhotra wins face-off versus Dustin Brown in Wild zone.
10:55 of 1st period - Anze Kopitar is hit by Tom Gilbert and loses puck.
11:04 of 1st period - Shot by Dustin Brown.
11:04 of 1st period - Shot Misses the Net.
13:50 of 1st period - Icing by Dan Hamhuis.
13:51 of 1st period - Patrik Berglund wins face-off versus Tomas Kopecky in Wild zone.
13:51 of 1st period - Patrik Berglund is hit by Pierre-Marc Bouchard.
14:30 of 1st period - Michael Stone is hit by Erik Johnson and loses puck.
14:32 of 1st period - Minor Penalty to Alexei Ponikarovsky for Tripping.
14:33 of 1st period - Ryan Kesler wins face-off versus Milan Hejduk in Wild zone.
16:24 of 1st period - Shot by Ryan Kesler.
16:24 of 1st period - Shot Blocked by Tom Gilbert.
17:00 of 1st period - Erik Johnson is hit by Brian Gionta and loses puck.
17:39 of 1st period - Dan Boyle is hit by Brian Gionta.
17:48 of 1st period - Icing by Milan Michalek.
17:49 of 1st period - Ryan Kesler wins face-off versus Olli Jokinen in Wild zone.
18:10 of 1st period - Icing by Jack Johnson.
18:11 of 1st period - Ryan Kesler wins face-off versus Jason Arnott in Flames zone.
18:28 of 1st period - Shot by Mikael Samuelsson.
18:28 of 1st period - Shot Misses the Net.
18:30 of 1st period - Shot by Shawn Horcoff.
18:30 of 1st period - Stopped by Niklas Backstrom without a rebound.
18:31 of 1st period - Anze Kopitar wins face-off versus Patrik Berglund in Wild zone.
19:21 of 1st period - Icing by Dan Boyle.
19:22 of 1st period - Anze Kopitar wins face-off versus Bobby Ryan in Flames zone.

2nd period


0:01 of 2nd period - Anze Kopitar wins face-off versus Jason Arnott in neutral zone.
0:03 of 2nd period - Off-side.
0:04 of 2nd period - Jason Arnott wins face-off versus Anze Kopitar in neutral zone.
3:04 of 2nd period - Icing by Bryce Salvador.
3:05 of 2nd period - Anze Kopitar wins face-off versus Bobby Ryan in Flames zone.
4:24 of 2nd period - Shot by Olli Jokinen.
4:24 of 2nd period - Shot Misses the Net.
4:33 of 2nd period - Icing by Ryan Kesler.
4:34 of 2nd period - Ryan Kesler wins face-off versus Patrik Berglund in Flames zone.
5:23 of 2nd period - Icing by Dan Boyle.
5:24 of 2nd period - Olli Jokinen wins face-off versus Cody Hodgson in Flames zone.
5:32 of 2nd period - Minor Penalty to Jake Gardiner for Hooking.
5:33 of 2nd period - Anze Kopitar wins face-off versus Olli Jokinen in Flames zone.
5:33 of 2nd period - Anze Kopitar is hit by Brian Gionta.
6:11 of 2nd period - Shot by Brian Gionta.
6:11 of 2nd period - Stopped by Miikka Kiprusoff without a rebound.
6:12 of 2nd period - Jason Arnott wins face-off versus Anze Kopitar in Flames zone.
6:36 of 2nd period - Shot by Bobby Ryan.
6:36 of 2nd period - Stopped by Miikka Kiprusoff without a rebound.
6:37 of 2nd period - Ryan Kesler wins face-off versus Olli Jokinen in Flames zone.
7:49 of 2nd period - Shot by Pierre-Marc Bouchard.
7:49 of 2nd period - Stopped by Niklas Backstrom without a rebound.
7:50 of 2nd period - Ryan Kesler wins face-off versus Jason Arnott in Wild zone.
8:23 of 2nd period - Icing by Milan Hejduk.
8:24 of 2nd period - Tomas Kopecky wins face-off versus Jason Arnott in Wild zone.
8:45 of 2nd period - Bobby Ryan is hit by Bryce Salvador.
9:04 of 2nd period - Brian Gionta is hit by Bryce Salvador and loses puck.
9:23 of 2nd period - Shot by Milan Michalek.
9:23 of 2nd period - Shot Misses the Net.
9:25 of 2nd period - Shot by Dan Hamhuis.
9:25 of 2nd period - Shot Blocked by Bryce Salvador.
9:27 of 2nd period - Shot by Brian Gionta.
9:27 of 2nd period - Shot Misses the Net.
9:29 of 2nd period - Shot by Dan Hamhuis.
9:29 of 2nd period - Stopped by Miikka Kiprusoff without a rebound.
9:30 of 2nd period - Patrik Berglund wins face-off versus Anze Kopitar in Flames zone.
9:39 of 2nd period - Shot by Brian Rolston.
9:39 of 2nd period - Shot Misses the Net.
10:09 of 2nd period - Shot by Dustin Brown.
10:09 of 2nd period - Stopped by Niklas Backstrom without a rebound.
10:10 of 2nd period - Jason Arnott wins face-off versus Ryan Kesler in Wild zone.
10:10 of 2nd period - Jason Arnott is hit by Mikael Samuelsson.
10:53 of 2nd period - Mikael Samuelsson is hit by Dan Hamhuis and loses puck.
11:09 of 2nd period - Dan Hamhuis is hit by Dan Boyle and loses puck.
11:19 of 2nd period - Anze Kopitar is hit by Fedor Tyutin.
11:31 of 2nd period - Shot by Anze Kopitar.
11:31 of 2nd period - Stopped by Niklas Backstrom without a rebound.
11:32 of 2nd period - Olli Jokinen wins face-off versus Tomas Kopecky in Wild zone.
11:32 of 2nd period - Olli Jokinen is hit by David Jones.
11:54 of 2nd period - Toni Lydman is hit by Brian Gionta and loses puck.
12:05 of 2nd period - Icing by Brian Gionta.
12:06 of 2nd period - Anze Kopitar wins face-off versus Olli Jokinen in Wild zone.
12:12 of 2nd period - Icing by Tom Gilbert.
12:13 of 2nd period - Olli Jokinen wins face-off versus Anze Kopitar in Wild zone.
12:30 of 2nd period - Shot by Milan Michalek.
12:30 of 2nd period - Shot Misses the Net.
12:34 of 2nd period - Shot by Milan Michalek.
12:34 of 2nd period - Stopped by Miikka Kiprusoff without a rebound.
12:35 of 2nd period - Patrik Berglund wins face-off versus Ryan Kesler in Flames zone.
12:43 of 2nd period - Icing by Mikael Samuelsson.
12:44 of 2nd period - Bobby Ryan wins face-off versus Ryan Kesler in Flames zone.
13:21 of 2nd period - Off-side.
13:22 of 2nd period - Olli Jokinen wins face-off versus Anze Kopitar in neutral zone.
13:33 of 2nd period - Shot by Brian Gionta.
13:33 of 2nd period - Stopped by Miikka Kiprusoff without a rebound.
13:34 of 2nd period - Cody Hodgson wins face-off versus Patrik Berglund in Flames zone.
14:08 of 2nd period - Cody Hodgson is hit by Alexei Ponikarovsky and loses puck.
14:31 of 2nd period - Shot by Shawn Horcoff.
14:31 of 2nd period - Stopped by Niklas Backstrom without a rebound.
14:32 of 2nd period - Olli Jokinen wins face-off versus Ryan Kesler in Wild zone.
14:42 of 2nd period - Off-side.
14:43 of 2nd period - Jason Arnott wins face-off versus Tomas Kopecky in neutral zone.
15:05 of 2nd period - Shot by Pierre-Marc Bouchard.
15:05 of 2nd period - Stopped by Niklas Backstrom without a rebound.
15:06 of 2nd period - Anze Kopitar wins face-off versus Brian Gionta in Wild zone.
15:23 of 2nd period - Shot by Michael Ryder.
15:23 of 2nd period - Shot Misses the Net.
15:28 of 2nd period - Icing by Brian Gionta.
15:29 of 2nd period - Olli Jokinen wins face-off versus Ryan Kesler in Wild zone.
15:29 of 2nd period - Henrik Tallinder is hit by Shawn Horcoff and loses puck.
15:36 of 2nd period - Shot by Brian Gionta.
15:36 of 2nd period - Stopped by Miikka Kiprusoff without a rebound.
15:37 of 2nd period - Anze Kopitar wins face-off versus Jason Arnott in Flames zone.
16:20 of 2nd period - Icing by Michael Ryder.
16:21 of 2nd period - Anze Kopitar wins face-off versus Olli Jokinen in Flames zone.
16:21 of 2nd period - Anze Kopitar is hit by Brian Gionta.
16:45 of 2nd period - Icing by Michael Ryder.
16:46 of 2nd period - Anze Kopitar wins face-off versus Brian Rolston in Flames zone.
17:38 of 2nd period - Shot by Ryan Kesler.
17:38 of 2nd period - Shot Blocked by Dan Hamhuis.
17:50 of 2nd period - Shot by Brian Gionta.
17:50 of 2nd period - Shot Blocked by Jack Johnson.
17:52 of 2nd period - Shot by Milan Michalek.
17:52 of 2nd period - Shot Misses the Net.
18:25 of 2nd period - Minor Penalty to Ryan Kesler for Holding.
18:26 of 2nd period - Anze Kopitar wins face-off versus Jason Arnott in Flames zone.
18:51 of 2nd period - Shot by Tom Gilbert.
18:51 of 2nd period - Shot Misses the Net.
18:59 of 2nd period - Shot by Tom Gilbert.
18:59 of 2nd period - Shot Hit the Post.
19:05 of 2nd period - Shot by Carl Gunnarsson.
19:05 of 2nd period - Stopped by Miikka Kiprusoff without a rebound.
19:06 of 2nd period - Olli Jokinen wins face-off versus Dustin Brown in Flames zone.
19:15 of 2nd period - Shot by Olli Jokinen.
19:15 of 2nd period - Stopped by Miikka Kiprusoff with a rebound.
19:17 of 2nd period - Shot by Fedor Tyutin.
19:17 of 2nd period - Stopped by Miikka Kiprusoff with a rebound.
19:19 of 2nd period - Shot by Fedor Tyutin.
19:19 of 2nd period - Shot Misses the Net.
19:21 of 2nd period - Shot by Fedor Tyutin.
19:21 of 2nd period - Stopped by Miikka Kiprusoff without a rebound.
19:22 of 2nd period - David Jones wins face-off versus Olli Jokinen in Flames zone.
19:47 of 2nd period - Shot by Olli Jokinen.
19:47 of 2nd period - Stopped by Miikka Kiprusoff with a rebound.

3rd period


0:01 of 3rd period - Anze Kopitar wins face-off versus Olli Jokinen in neutral zone.
0:01 of 3rd period - Dan Boyle is hit by Olli Jokinen and loses puck.
0:14 of 3rd period - Shot by Fedor Tyutin.
0:14 of 3rd period - Stopped by Miikka Kiprusoff with a rebound.
0:16 of 3rd period - Shot by Olli Jokinen.
0:16 of 3rd period - Stopped by Miikka Kiprusoff without a rebound.
0:17 of 3rd period - Anze Kopitar wins face-off versus Jason Arnott in Flames zone.
0:55 of 3rd period - Shot by Patrik Berglund.
0:55 of 3rd period - Goal by Patrik Berglund - Flames : 0 - Wild : 2.
0:56 of 3rd period - Olli Jokinen wins face-off versus Anze Kopitar in neutral zone.
1:07 of 3rd period - Shot by Dustin Brown.
1:07 of 3rd period - Goal by Dustin Brown - Flames : 1 - Wild : 2.
1:08 of 3rd period - Jason Arnott wins face-off versus Tomas Kopecky in neutral zone.
1:47 of 3rd period - Shot by Bobby Ryan.
1:47 of 3rd period - Shot Misses the Net.
1:58 of 3rd period - Pierre-Marc Bouchard is hit by Jason Arnott and loses puck.
2:51 of 3rd period - Shot by Anze Kopitar.
2:51 of 3rd period - Deflect By Michael Ryder.
2:51 of 3rd period - Stopped by Niklas Backstrom without a rebound.
2:52 of 3rd period - Olli Jokinen wins face-off versus Shawn Horcoff in Wild zone.
3:17 of 3rd period - Shot by Mikael Samuelsson.
3:17 of 3rd period - Stopped by Niklas Backstrom without a rebound.
3:18 of 3rd period - Cody Hodgson wins face-off versus Patrik Berglund in Wild zone.
3:31 of 3rd period - Shot by Michael Grabner.
3:31 of 3rd period - Stopped by Niklas Backstrom without a rebound.
3:32 of 3rd period - Olli Jokinen wins face-off versus Ryan Kesler in Wild zone.
3:40 of 3rd period - Off-side.
3:41 of 3rd period - Anze Kopitar wins face-off versus Olli Jokinen in neutral zone.
3:43 of 3rd period - Off-side.
3:44 of 3rd period - Anze Kopitar wins face-off versus Olli Jokinen in neutral zone.
3:49 of 3rd period - Shot by Anze Kopitar.
3:49 of 3rd period - Deflect By Michael Ryder.
3:49 of 3rd period - Shot Blocked by Dan Hamhuis.
3:52 of 3rd period - Icing by Dan Hamhuis.
3:53 of 3rd period - Anze Kopitar wins face-off versus Olli Jokinen in Wild zone.
3:59 of 3rd period - Icing by Dan Hamhuis.
4:00 of 3rd period - Anze Kopitar wins face-off versus Olli Jokinen in Wild zone.
4:23 of 3rd period - Shot by Olli Jokinen.
4:23 of 3rd period - Shot Blocked by Bryce Salvador.
4:25 of 3rd period - Shot by Olli Jokinen.
4:25 of 3rd period - Shot Blocked by Dan Boyle.
4:27 of 3rd period - Shot by Olli Jokinen.
4:27 of 3rd period - Shot Misses the Net.
4:29 of 3rd period - Shot by Milan Michalek.
4:29 of 3rd period - Shot Blocked by Anze Kopitar.
4:39 of 3rd period - Shot by Milan Michalek.
4:39 of 3rd period - Shot Misses the Net.
4:41 of 3rd period - Shot by Brian Gionta.
4:41 of 3rd period - Shot Misses the Net.
5:21 of 3rd period - Shot by Bobby Ryan.
5:21 of 3rd period - Stopped by Miikka Kiprusoff without a rebound.
5:22 of 3rd period - Ryan Kesler wins face-off versus Patrik Berglund in Flames zone.
5:24 of 3rd period - Icing by Shawn Horcoff.
5:25 of 3rd period - Patrik Berglund wins face-off versus Ryan Kesler in Flames zone.
5:31 of 3rd period - Off-side.
5:32 of 3rd period - Ryan Kesler wins face-off versus Jason Arnott in neutral zone.
6:33 of 3rd period - Icing by Andrew MacDonald.
6:34 of 3rd period - Olli Jokinen wins face-off versus Tomas Kopecky in Flames zone.
6:41 of 3rd period - Shot by Milan Michalek.
6:41 of 3rd period - Deflect By Brian Gionta.
6:41 of 3rd period - Stopped by Miikka Kiprusoff without a rebound.
6:42 of 3rd period - Anze Kopitar wins face-off versus Olli Jokinen in Flames zone.
6:49 of 3rd period - Shot by Anze Kopitar.
6:49 of 3rd period - Stopped by Niklas Backstrom with a rebound.
7:40 of 3rd period - Dan Boyle is hit by Milan Jurcina and loses puck.
8:15 of 3rd period - Toni Lydman is hit by Brian Rolston and loses puck.
8:54 of 3rd period - Pierre-Marc Bouchard is hit by Dan Hamhuis and loses puck.
8:58 of 3rd period - Icing by Dan Hamhuis.
8:59 of 3rd period - Jason Arnott wins face-off versus Cody Hodgson in Wild zone.
9:03 of 3rd period - Icing by Fedor Tyutin.
9:04 of 3rd period - Jason Arnott wins face-off versus Tomas Kopecky in Wild zone.
10:11 of 3rd period - Shot by Milan Michalek.
10:11 of 3rd period - Goal by Milan Michalek - Flames : 1 - Wild : 3.
10:12 of 3rd period - Patrik Berglund wins face-off versus Anze Kopitar in neutral zone.
10:46 of 3rd period - Alexei Ponikarovsky is hit by Dustin Brown and loses puck.
11:13 of 3rd period - Shot by Brian Gionta.
11:13 of 3rd period - Stopped by Miikka Kiprusoff without a rebound.
11:14 of 3rd period - Ryan Kesler wins face-off versus Olli Jokinen in Flames zone.
12:14 of 3rd period - Andrew MacDonald is hit by Olli Jokinen and loses puck.
12:30 of 3rd period - Erik Johnson is hit by Carl Gunnarsson and loses puck.
12:34 of 3rd period - Tomas Kopecky is hit by Carl Gunnarsson and loses puck.
12:37 of 3rd period - Shot by David Jones.
12:37 of 3rd period - Shot Misses the Net.
12:39 of 3rd period - Shot by Erik Johnson.
12:39 of 3rd period - Shot Misses the Net.
12:41 of 3rd period - Shot by Pierre-Marc Bouchard.
12:41 of 3rd period - Stopped by Niklas Backstrom with a rebound.
13:23 of 3rd period - Shot by Henrik Tallinder.
13:23 of 3rd period - Goal by Henrik Tallinder - Flames : 1 - Wild : 4.
13:24 of 3rd period - Ryan Kesler wins face-off versus Patrik Berglund in neutral zone.
13:26 of 3rd period - Off-side.
13:27 of 3rd period - Patrik Berglund wins face-off versus Ryan Kesler in neutral zone.
13:32 of 3rd period - Shot by Alexei Ponikarovsky.
13:32 of 3rd period - Shot Blocked by Jack Johnson.
13:36 of 3rd period - Shot by Milan Jurcina.
13:36 of 3rd period - Stopped by Miikka Kiprusoff without a rebound.
13:37 of 3rd period - Olli Jokinen wins face-off versus Anze Kopitar in Flames zone.
13:37 of 3rd period - Dan Hamhuis is hit by Dan Boyle and loses puck.
13:55 of 3rd period - Off-side.
13:56 of 3rd period - Milan Hejduk wins face-off versus Ryan Kesler in neutral zone.
14:45 of 3rd period - Carl Gunnarsson is hit by Shawn Horcoff and loses puck.
14:46 of 3rd period - Carl Gunnarsson from Wild is injured at 14:46 of 3rd period (Bruised Right Arm).
14:47 of 3rd period - Brian Gionta wins face-off versus Dustin Brown in Wild zone.
15:02 of 3rd period - Shot by Anze Kopitar.
15:02 of 3rd period - Shot Misses the Net.
15:55 of 3rd period - Icing by Andrew MacDonald.
15:56 of 3rd period - Pierre-Marc Bouchard wins face-off versus Bobby Ryan in Flames zone.
16:02 of 3rd period - Erik Johnson is hit by Henrik Tallinder and loses puck.
17:19 of 3rd period - Icing by Dan Hamhuis.
17:20 of 3rd period - Patrik Berglund wins face-off versus Anze Kopitar in Wild zone.
18:30 of 3rd period - Off-side.
18:31 of 3rd period - Tomas Kopecky wins face-off versus Jason Arnott in neutral zone.
18:51 of 3rd period - David Jones is hit by Dan Hamhuis.
19:06 of 3rd period - Tomas Kopecky is hit by Fedor Tyutin and loses puck.
19:55 of 3rd period - Shot by Alexei Ponikarovsky.
19:55 of 3rd period - Shot Blocked by Erik Johnson.
19:59 of 3rd period - Shot by Patrik Berglund.
19:59 of 3rd period - Shot Misses the Net.


Output by the SimonT Hockey Simulator (STHS) for Stephane Roy -- Original Page W3C XHTML 1.0 Valid
Hockey Simulator - Hockey Simulation - Hockey Manager